Unix NetHack Version 3.7.0-94 Work-in-progress - last build Dec 18 2023 00:11:04 (7e3deff068b9ef4f2ebb9a71ea0f5c4a3b578a14,branch:master). Game began 2023-12-19 13:07:22, ended 2023-12-19 13:17:15. elenmirie, neutral female gnomish Healer --- |.. --..--- |.....| |.....-- --- ----------......------ -- |...........:......@..:..........- |.. ------...------------- - --- --....--..| |..(......-- - ----..........| -.......*.......--- |..... --.......<....| -.....................| |.................--......-- |.................||.....-- |.........----..-----..--- --- -- | - --- ---- Elenmirie the Rhizotomist St:8 Dx:9 Co:14 In:10 Wi:16 Ch:18 Neutral Dlvl:6 $:1623 HP:0(17) Pw:5(5) AC:8 Xp:1/0 T:1083 Burdened Latest messages: The fox bites! You see here a whistle. Coco misses the fox. The fox bites! Coco misses the fox. The fox bites! What do you want to drink? [d-fq-s or ?*] ? You feel much better. Coco bites the fox. The fox is killed! Coco eats a fox corpse. z - a whistle. What do you want to call? [lnqsvx-z or ?*] z Call a whistle: tin A little dart shoots out at you! You are hit by a little dart. You see here a food ration. A - a food ration. Your candle is getting short. You see here a scroll labeled EIRIS SAZUN IDISI. B - a scroll labeled EIRIS SAZUN IDISI. You swap places with Coco. You descend the stairs. You see here a food ration. The little dog bites! A - a food ration (2 in total). Coco bites the little dog. The little dog bites Coco. The little dog bites! Coco bites the little dog. The little dog is killed! Coco eats a little dog corpse. Coco bites the newt. The newt is killed! Coco eats a newt corpse. You see here a looking glass. Coco bites the gnome lord. The gnome lord misses Coco. Coco bites it. You see here 6 darts. You see here 6 darts. w - 6 darts (13 in total). KAABLAMM!!! You triggered a land mine! Your movements are slowed slightly because of your load. You die... Do you want your possessions identified? [ynq] (y) y Do you want to see your attributes? [ynq] (y) y Do you want an account of creatures vanquished? [ynaq] (y) y Do you want to see your conduct and achievements? [ynq] (y) y Do you want to see the dungeon overview? [ynq] (y) y Inventory: Coins $ - 1623 gold pieces Weapons w - 13 uncursed +0 darts a - a blessed +0 scalpel (weapon in right hand) Armor b - an uncursed +1 pair of leather gloves (being worn) Comestibles k - 5 uncursed apples t - an uncursed eucalyptus leaf A - 2 uncursed food rations Scrolls l - an uncursed scroll of enchant armor B - an uncursed scroll of remove curse y - a cursed scroll of scare monster Spellbooks i - a blessed spellbook of extra healing h - a blessed spellbook of healing j - a blessed spellbook of stone to flesh Potions e - a blessed potion of extra healing f - 2 uncursed potions of extra healing q - an uncursed potion of gain energy r - a blessed potion of healing d - 7 uncursed potions of healing s - a blessed potion of polymorph Wands g - an uncursed wand of sleep (0:8) Tools n - an uncursed tooled horn m - an uncursed figurine of a leocrotta p - an uncursed magic whistle P - an uncursed stethoscope v - an uncursed partly used tallow candle (lit) x - an uncursed tallow candle z - an uncursed tin whistle Elenmirie the Healer's attributes: Background: You were a Rhizotomist, a level 1 female gnomish Healer. You were neutral, nominally on a mission for Hermes who was opposed by Athena (lawful) and Poseidon (chaotic). You were right-handed. You were in the Gnomish Mines, on level 6. You entered the dungeon 1083 turns ago. You had 0 experience points, 20 were needed to attain level 2. Basics: You had 0 out of 17 hit points. You had all 5 energy points (spell power). Your armor class was 8. Your wallet contained 1623 zorkmids. Autopickup was on for '$' plus thrown. Final Characteristics: Your strength was 8 (limit:18/50). Your dexterity was 9 (base:10, limit:18). Your constitution was 14 (limit:18). Your intelligence was 10 (limit:19). Your wisdom was 16 (limit:18). Your charisma was 18 (limit:18). Final Status: You had wounded legs. You weren't hungry. You were burdened; movement was slightly slowed. You were wielding a knife. You had basic skill with knife. Final Attributes: You were fervently aligned. You were poison resistant. You had infravision. You are dead. Miscellaneous: You never encountered a bones level. Total elapsed playing time was 9 minutes and 51 seconds. Major events: Turn 1: elenmirie the neutral female gnomish Healer entered the dungeon 904: entered the Gnomish Mines 1083: killed by a land mine Vanquished creatures: a gnome leader a little dog a gnome 3 jackals a fox a kobold 2 sewer rats 8 grid bugs 2 lichens a kobold zombie 6 newts 27 creatures vanquished. No species were genocided or became extinct. Voluntary challenges: You followed a strict vegan diet. You were an atheist. You were a pacifist. You were illiterate. You never engraved Elbereth. You never genocided any monsters. You never polymorphed an object. You never changed form. You used no wishes. Achievement: You entered the Gnomish Mines. The Dungeons of Doom: levels 1 to 4 Level 1: Level 2: A fountain. Level 3: Some fountains. Stairs down to The Gnomish Mines. Level 4: The Gnomish Mines: levels 4 to 6 Level 4: Level 5: Level 6: <- You were here. Final resting place for you, killed by a land mine. Game over: ---------- / \ / REST \ / IN \ / PEACE \ / \ | elenmirie | | 1623 Au | | killed by a land | | mine | | | | | | 2023 | *| * * * | * _________)/\\_//(\/(/\)/\//\/|_)_______ Goodbye elenmirie the Healer... You died in The Gnomish Mines on dungeon level 6 with 287 points, and 1623 pieces of gold, after 1083 moves. You were level 1 with a maximum of 17 hit points when you died.